 Dungeon Crawl Stone Soup version 0.29-a0-914-g906f1d757c (webtiles) character file.

Game seed: 1851627925536409625

167 night the Stinger (level 5, -1/32 HPs)
             Began as a Gargoyle Venom Mage on July 26, 2022.
             Slain by Grinder the chaos spawn (9 damage)
             ... on level 3 of the Dungeon.
             The game lasted 00:08:42 (3660 turns).

night the Stinger (Gargoyle Venom Mage)             Turns: 3660, Time: 00:08:42

Health: -1/32      AC:  9    Str: 11    XL:     5   Next: 48%
Magic:  9/10       EV: 16    Int: 18    God:
Gold:   205        SH:  0    Dex: 10    Spells: 4/10 levels left

rFire   . . .      SeeInvis .   e - +0 hand axe
rCold   . . .      Faith    .   (no shield)
rNeg    + . .      Spirit   .   a - +0 robe
rPois   ∞          Reflect  .   y - +0 helmet
rElec   +          Harm     .   c - +0 cloak
rCorr   .          Rampage  .   (no gloves)
Will    .....                   j - +0 pair of boots
Stlth   +.........              k - amulet of the acrobat
HPRegen 0.10/turn               (no ring)
MPRegen 0.12/turn               (no ring)

@: confused, mighty, agile, ambrosia-drunk
A: sickness immunity, AC +4, negative energy resistance 1, electricity
resistance, torment resistance 1, petrification resistance
a: no special abilities


You were on level 3 of the Dungeon.
You visited 1 branch of the dungeon, and saw 3 of its levels.

You collected 205 gold pieces.

Inventory:

Hand Weapons
 e - a +0 hand axe (weapon)
Missiles
 i - 15 stones
 r - 4 atropa-tipped darts
Armour
 a - a +0 robe (worn)
 c - a +0 cloak (worn)
 j - a +0 pair of boots (worn)
 y - a +0 helmet (worn)
Jewellery
 k - an amulet of the acrobat (around neck)
Wands
 s - a wand of polymorph (2)
 t - a wand of digging (6)
Scrolls
 f - 3 scrolls of teleportation
 h - a scroll of torment {unknown}
 m - a scroll of amnesia
 n - a scroll of enchant weapon
 p - a scroll of magic mapping {unknown}
 z - a scroll of fear {unknown}
Potions
 b - a potion of magic
 d - a potion of ambrosia
 g - a potion of might
 l - a potion of cancellation {unknown}
 o - a potion of heal wounds {unknown}
 q - a potion of invisibility {unknown}
 u - a potion of curing {unknown}
 v - 3 potions of flight {unknown}
 w - a potion of haste {unknown}
 x - a potion of berserk rage {unknown}


   Skills:
 + Level 2.9 Fighting
 - Level 1.5 Dodging
 - Level 2.1 Stealth
 + Level 3.3 Spellcasting
 - Level 0.7 Transmutations
 + Level 4.2 Poison Magic


You had 4 spell levels left.
You knew the following spells:

 Your Spells              Type           Power      Damage    Failure   Level
a - Sting                 Tmut/Pois      44%        1d5       6%          1
b - Poisonous Vapours     Pois/Air       20%        N/A       10%         2
c - Mephitic Cloud        Conj/Pois/Air  8%         N/A       26%         3

Your spell library contained the following spells:

 Spells                   Type           Power      Damage    Failure   Level
 Sandblast                Erth           6%         2d5       16%         1
 Passwall                 Tmut/Erth      3%         N/A       21%         2
 Olgreb's Toxic Radiance  Pois           18%        N/A       28%         4
 Stone Arrow              Conj/Erth      6%         3d7       43%         3


Dungeon Overview and Level Annotations

Branches:
Dungeon (3/15)

Altars:

Shops:
D:2 [

Annotations:
D:3 Grinder


Innate Abilities, Weirdness & Mutations

You are immune to sickness and miasma.
Your stone body is resilient. (AC +4)
You are immune to poison.
You resist negative energy. (rN+)
You are resistant to electric shocks. (rElec)
You are resistant to unholy torment.
You are immune to petrification.


Message History

Casting: Sting (safe; 6% risk of failure)
Confirm with . or Enter, or press ? or * to list all spells.
Aiming: Sting (safe; 6% risk of failure)
Press: ? - help, Shift-Dir - straight line, f/p - Grinder
Aim: Grinder the chaos spawn (lightly wounded, very poisoned, 64% to hit)
The sting hits Grinder.
Grinder looks even sicker.
Grinder is moderately wounded.
Grinder hits you. Grinder shocks you. You resist.
Items here: )) [[ ÷÷.
You see here a +0 club.
Grinder attacks as you move away! Grinder completely misses you.
Casting: Sting (safe; 6% risk of failure)
Confirm with . or Enter, or press ? or * to list all spells.
You don't have enough magic to cast this spell.
Casting: Sting (safe; 6% risk of failure)
Confirm with . or Enter, or press ? or * to list all spells.
Aiming: Sting (safe; 6% risk of failure)
Press: ? - help, Shift-Dir - straight line, f/p - Grinder
Aim: Grinder the chaos spawn (heavily wounded, poisoned, 64% to hit)
The sting hits Grinder but does no damage.
Grinder looks even sicker.
Grinder is heavily wounded.
Grinder misses you.
Okay, then.
You barely miss Grinder.
Grinder is heavily wounded.
Grinder gores you!
* * * LOW HITPOINT WARNING * * *
Grinder shocks you. You resist.
* * * LOW HITPOINT WARNING * * *
It was a potion of ambrosia.
You are confused.
You feel invigorated. Grinder gores you but does no damage.
It was a potion of might.
You feel very mighty all of a sudden. Grinder hits you.
* * * LOW HITPOINT WARNING * * *
You feel agile all of a sudden.
You bump into the rock wall.
Grinder hits you!
You die...

.........##.# #..........#
###########.####..........# .#
#.#..'..........#
.##########.#.##..........###
..#.........#.#####.........#####
#.#.#########.#.....###.###.....#
#.#.#...# #.#.##..###.###..##.#
#.#.#.#.#####.#.##..#.....#..##.#
#...............@4......))).>##.#
#.#.#.#)........##..#.#.#)#.###.#
#.#.#.###.....#<....#.#.#)#.# #.#
........#...............#)#.# #.#
.##.#.#.#.......##......#.#.# #.#
........+.......######..#.#.# #.#
.##.#.#.#....#### #..#.#.# #.#
....#.#....#.# #..#.#.# #.#
....#'####.#.# #..#.#.# #.#


You could see Grinder the chaos spawn (poisoned).

Vanquished Creatures
  A scorpion (D:3)
  Robin (D:3)
  2 adders
  2 dart slugs
  2 orcs (D:3)
  4 bats
  6 endoplasms
  4 giant cockroaches
  15 goblins
  10 hobgoblins
  2 jackals (D:1)
  2 kobolds
  3 quokkas
  4 ball pythons
  6 frilled lizards
  4 rats
68 creatures vanquished.

Notes
Turn   | Place    | Note
-------+----------+-------------------------------------------
     0 | D:1      | night the Gargoyle Venom Mage began the quest for the Orb.
     0 | D:1      | Reached XP level 1. HP: 10/10 MP: 3/3
   119 | D:1      | Reached XP level 2. HP: 15/16 MP: 0/5
   128 | D:1      | HP: 1/16 [frozen (5)]
   462 | D:1      | Found a faded altar of an unknown god.
   478 | D:1      | Reached skill level 1 in Fighting
   791 | D:1      | Reached XP level 3. HP: 20/20 MP: 1/6
  1148 | D:1      | Learned a level 2 spell: Poisonous Vapours
  1152 | D:1      | Learned a level 3 spell: Mephitic Cloud
  1948 | D:2      | Found Wunupeli's Armour Boutique.
  2153 | D:2      | Reached skill level 2 in Fighting
  2156 | D:2      | Reached XP level 4. HP: 25/26 MP: 2/8
  2856 | D:3      | Noticed a scorpion
  2860 | D:3      | Killed a scorpion
  2861 | D:3      | Reached skill level 4 in Poison Magic
  2861 | D:3      | Reached XP level 5. HP: 31/31 MP: 2/9
  3418 | D:3      | Noticed Robin
  3441 | D:3      | Killed Robin
  3629 | D:3      | Noticed Grinder
  3636 | D:3      | Noticed Grinder
  3636 | D:3      | Grinder changed into Grinder the chaos spawn
  3657 | D:3      | HP: 3/32 [Grinder the chaos spawn (11)]
  3657 | D:3      | HP: 1/32 [Grinder the chaos spawn (2)]
  3660 | D:3      | Slain by Grinder the chaos spawn

Illustrated notes

Levels and vault maps discovered:
D:1:      nicolae_arrival_washed_ashore, layout_rooms,
          dreamdust_ecumenical_altar_grove
D:2:      layout_loops_corners, serial_shops, shop, minmay_misc_feat_plants
D:3:      kennysheep_six_static_rooms, layout_basic, kennysheep_orc_chapel,
          uniq_robin, uniq_grinder

Skill      XL: |  1  2  3  4 |
---------------+-------------+-----
Fighting       | 1 2 |  2.9
Spellcasting   | 3 |  3.3
Poison Magic   | 4 |  4.2
Dodging        | |  1.5
Stealth        | |  2.1
Transmutations | |  0.7

Action                   |  1- 3 |  4- 6 || total
-------------------------+-------+-------++-------
Melee: Unarmed           |    10 |       ||    10
       Hand axe          |    34 |    26 ||    60
 Cast: Sting             |    42 |    15 ||    57
       Poisonous Vapours |    15 |    22 ||    37
Evoke: Wand              |       |     7 ||     7
  Use: Scroll            |     3 |       ||     3
       Potion            |       |     2 ||     2
Armor: Robe              |    23 |    28 ||    51
Dodge: Dodged            |    34 |    29 ||    63

Table legend: (Time is in decaauts)
 A = Elapsed time spent in this place.
 B = Non-inter-level travel time spent in this place.
 C = Inter-level travel time spent in this place.
 D = Time resting spent in this place.
 E = Time spent auto-exploring this place.
 F = Levels seen in this place.
 G = Mean time per level.
                   A        B        C        D        E       F      G
               +--------+--------+--------+--------+--------+-----+--------+
         Total |   3677 |   3625 |     52 |    376 |   2741 |   3 | 1225.7 |
       Dungeon |   3677 |   3625 |     52 |    376 |   2741 |   3 | 1225.7 |
               +--------+--------+--------+--------+--------+-----+--------+

Top non-repeatable levels by time:
     D:2: 1348 daAuts
     D:1: 1223 daAuts
     D:3: 1104 daAuts
